 Dungeon Crawl Stone Soup version 0.30.0-20-g3615ddf2f0 (webtiles) character file.

Game seed: 15415028775318136437

34 qw the Chopper (level 3, -1/23 HPs)
             Began as a Gargoyle Fighter on May 28, 2023.
             Slain by a gnoll
             ... wielding a +0 whip
              (2 damage)
             ... on level 3 of the Dungeon.
             The game lasted 00:00:45 (1270 turns).

qw the Chopper (Gargoyle Fighter)                   Turns: 1270, Time: 00:00:46

Health: -1/23      AC: 10    Str: 21    XL:     3   Next: 31%
Magic:  3/3        EV:  5    Int:  8    God:
Gold:   106        SH:  0    Dex:  9    Spells: 2/2 levels left

rFire   . . .        Y - +1 war axe
rCold   . . .        c - +0 buckler
rNeg    + . .        b - +0 scale mail
rPois   inf          (no helmet)
rElec   +            (no cloak)
rCorr   .            (no gloves)
SInv    .            (no boots)
Will    .....        (no amulet) Stlth
                     (no ring)
HPRegen 0.23/turn    (no ring)
MPRegen 0.08/turn

%: no passive effects
@: held
A: sickness immunity, AC +3, negative energy resistance 1, electricity
resistance, torment resistance 1, petrification resistance
a: no special abilities


You were on level 3 of the Dungeon.
You visited 1 branch of the dungeon, and saw 3 of its levels.

You collected 106 gold pieces.


Innate Abilities, Weirdness & Mutations

You are immune to sickness and miasma.
Your stone body is resilient. (AC +3)
You are immune to poison.
You resist negative energy. (rN+)
You are resistant to electric shocks. (rElec)
You are resistant to unholy torment.
You are immune to petrification.


   Skills:
 - Level 3.2 Fighting
 + Level 3.3 Axes
 - Level 3.2 Armour
 - Level 3.2 Shields


You had 2 spell levels left.
You didn't know any spells.
Your spell library was empty.

Inventory:

Hand Weapons
 h - a +0 flail
 Y - a +1 war axe (weapon)
Armour
 b - a +0 scale mail (worn)
 c - a +0 buckler (worn)
Scrolls
 a - 2 scrolls of identify
Potions
 d - a potion of might
 f - a potion of cancellation
 i - a potion of haste
 j - 2 potions of lignification
 n - a potion of curing

Dungeon Overview and Level Annotations

Branches:
Dungeon (3/15)

Altars:
Kikubaaqudgha


Message History

You kill the goblin!
There is a stone staircase leading up here.
Found a stone staircase leading down.
There is a stone staircase leading down here.
a - 2 scrolls of identify (gained 1)
You now have 106 gold pieces (gained 15).
Found a leather armour.
Enter note:
Found a stone staircase leading down.
An endoplasm comes into view.
The endoplasm quivers.
You hit the endoplasm.
The endoplasm is severely wounded.
The endoplasm barely misses you.
You hit the endoplasm.
You kill the endoplasm!
A gnoll comes into view. It is wielding a +0 whip.
The gnoll throws a throwing net.
The throwing net hits you.
You become entangled in the net!
Things that are here:
a throwing net; the +1 shortbow "Esunenil" {freeze, rC- Str+3} The gnoll hits you but does no damage.
The gnoll hits you with a +0 whip. The gnoll hits you with a +0 whip.
The gnoll hits you with a +0 whip. The gnoll hits you with a +0 whip.
The gnoll closely misses you. The gnoll hits you with a +0 whip.
1261 ||| DRINKING 2 ruby potions.
It was a potion of curing.
You feel better. The gnoll hits you but does no damage.
The gnoll hits you with a +0 whip. The gnoll hits you but does no damage.
The gnoll hits you but does no damage. The gnoll barely misses you.
The gnoll hits you with a +0 whip. The gnoll hits you with a +0 whip.
The gnoll hits you with a +0 whip. The gnoll hits you with a +0 whip.
The gnoll hits you with a +0 whip.
You die...

#######....#
........##.#####.#
.#####...........#
.# #.###.####..# .#
#.# #.# #.> .# #.#
#.# #.. .# #.# #.#
#.# # .# #.#
#.####.####...# .#
#.# #......@g...# .#
##.###.####.####...#
.####...##.# #.# #
...........# #.# ##
#####...##.# #.# ..
##.###.####.#.##
#.............#
#####..[..........
#######...####


You could see a gnoll.

Vanquished Creatures
  A worm (D:2)
  2 bats (D:1)
  An endoplasm (D:3)
  3 giant cockroaches
  5 goblins
  4 hobgoblins
  3 kobolds
  7 ball pythons
  2 frilled lizards
  A rat (D:1)
29 creatures vanquished.

Notes
Turn   | Place    | Note
-------+----------+-------------------------------------------
     0 | D:1      | qw the Gargoyle Fighter began the quest for the Orb.
     0 | D:1      | Reached XP level 1. HP: 14/14 MP: 1/1
     0 | D:1      | 0 ||| qw: Version: 0.2-a-100-g4e38944
     0 | D:1      | 0 ||| qw: Game counter: 216
     0 | D:1      | 0 ||| qw: Always use a shield: true
     0 | D:1      | 0 ||| qw: God list: Okawaru
     0 | D:1      | 0 ||| qw: Allow faded altars: false
     0 | D:1      | 0 ||| qw: Do Orc after D:15 true
     0 | D:1      | 0 ||| qw: Do second Lair branch before Depths: true
     0 | D:1      | 0 ||| qw: Lair rune preference: random
     0 | D:1      | 0 ||| qw: Plans: Normal, Zot:1-4, God:TSO, Crypt, Tomb,
                  | Pan, Slime:5, Hells, Abyss, Win
     0 | D:1      | 0 ||| PLANNING D:1-11
    61 | D:1      | 61 ||| FLEEEEING.
    64 | D:1      | 64 ||| FLEEEEING.
    67 | D:1      | 67 ||| FLEEEEING.
    68 | D:1      | 68 ||| FLEEEEING.
    70 | D:1      | 70 ||| FLEEEEING.
   152 | D:1      | Reached XP level 2. HP: 19/19 MP: 2/2
   387 | D:1      | 387 ||| Stepping ~*~*~tactically~*~*~ (stealth).
   388 | D:1      | 388 ||| Stepping ~*~*~tactically~*~*~ (stealth).
   389 | D:1      | 389 ||| Stepping ~*~*~tactically~*~*~ (stealth).
   506 | D:1      | 506 ||| DROPPING scarf of harm.
   507 | D:1      | 507 ||| DROPPING ring of wizardry.
   508 | D:1      | 508 ||| READING 2 scrolls labelled UJEEMO ICEMM.
   509 | D:1      | 509 ||| READING scroll labelled ZEUMEU GIABOC.
   510 | D:1      | 510 ||| DRINKING 2 green potions.
   616 | D:2      | Reached skill level 3 in Axes
   662 | D:2      | Reached XP level 3. HP: 23/23 MP: 3/3
   717 | D:2      | Found an ancient bone altar of Kikubaaqudgha.
  1045 | D:2      | 1045 ||| READING scroll labelled DEBYOGUGUX.
  1046 | D:2      | 1046 ||| READING scroll labelled IGAWIO TAGG.
  1047 | D:2      | 1047 ||| READING scroll labelled FEXTIT WIOVUZO.
  1048 | D:2      | 1048 ||| READING scroll labelled ORO YMOSAE.
  1049 | D:2      | 1049 ||| READING scroll labelled ISOODW CUWOROFF.
  1050 | D:2      | 1050 ||| DRINKING 2 murky ruby potions.
  1051 | D:2      | 1051 ||| DRINKING 3 red potions.
  1250 | D:3      | Identified the +1 shortbow "Esunenil" {freeze, rC- Str+3}
  1261 | D:3      | 1261 ||| DRINKING 2 ruby potions.
  1268 | D:3      | HP: 5/23 [gnoll/+0 whip (5)]
  1269 | D:3      | HP: 1/23 [gnoll/+0 whip (5)]
  1270 | D:3      | Slain by a gnoll

Levels and vault maps discovered:
D:1:      saegor_arrival_simple_e, layout_rooms, corexii_hall_statues_deadend
D:2:      layout_basic, basic_altar
D:3:      layout_loops_ring

Skill      XL: |  1  2 |
---------------+-------+-----
Axes           | 2 3 |  3.3
Fighting       | |  3.2
Armour         | |  3.2
Shields        | |  3.2

Action                     || total
---------------------------++-------
  Melee: War axe           ||    76
    Use: Scroll            ||     7
         Potion            ||     4
 Armour: Scale mail        ||    35
  Dodge: Dodged            ||    31
  Block: Buckler           ||    18

Table legend:
 A = Non-vault XP
 B = Vault XP
 C = Vault XP percentage of total XP
 D = Non-vault monster count
 E = Vault monster count
 F = Vault count percentage of total count
                 A         B        C        D         E       F
            +---------+---------+-------+---------+---------+-------
      Total |      49 |       0 |   0.0 |      29 |       0 |   0.0
            +---------+---------+-------+---------+---------+-------
        D:1 |      25 |       0 |   0.0 |      15 |       0 |   0.0
        D:2 |      20 |       0 |   0.0 |      12 |       0 |   0.0
        D:3 |       4 |       0 |   0.0 |       2 |       0 |   0.0
            +---------+---------+-------+---------+---------+-------
